 Dungeon Crawl Stone Soup version 0.29-a0-275-g389c0b56f3 (webtiles) character file.

Game seed: 14458838283830830845

317 testman the Magician (level 6, -8/34 HPs)
             Began as a Deep Elf Fire Elementalist on Mar 10, 2022.
             Mangled by Pikel
             ... wielding a +0 whip of flaming
              (10 damage)
             ... on level 3 of the Dungeon.
             The game lasted 00:22:21 (4234 turns).

testman the Magician (Deep Elf Fire Elementalist)   Turns: 4234, Time: 00:22:21

Health: -8/34      AC:  2    Str:  5    XL:     6   Next: 20%
Magic:  3/16       EV: 12    Int: 22    God:
Gold:   122        SH:  0    Dex: 15    Spells: 5/15 levels left

rFire   . . .      SeeInvis .   k - +0 dagger
rCold   . . .      Faith    .   (no shield)
rNeg    . . .      Spirit   .   a - +0 robe
rPois   .          Reflect  .   (no helmet)
rElec   .          Harm     .   (no cloak)
rCorr   .          Rampage  .   (no gloves)
Will    .....                   (no boots)
Stlth   ++........              (no amulet)
HPRegen 0.11/turn               (no ring)
MPRegen 0.15/turn               (no ring)

@: weak-willed
A: no striking features
a: no special abilities


You were on level 3 of the Dungeon.
You visited 1 branch of the dungeon, and saw 4 of its levels.

You collected 122 gold pieces.

Inventory:

Hand Weapons
 h - a +0 hunting sling
 k - a +0 dagger (weapon)
Missiles
 c - 81 stones
 d - 4 poisoned darts
Armour
 a - a +0 robe (worn)
Scrolls
 f - 2 scrolls of identify {unknown}
 i - 2 scrolls of teleportation {unknown}
 l - 2 scrolls of noise {unknown}
 o - a scroll of blinking {unknown}
 p - a scroll of immolation {unknown}
Potions
 b - 3 potions of magic
 e - a potion of mutation {unknown}
 g - 4 potions of curing {unknown}
 j - a potion of berserk rage {unknown}
 n - a potion of attraction {unknown}


   Skills:
 - Level 1.0 Fighting
 - Level 2.4 Dodging
 - Level 2.4 Stealth
 + Level 5.4 Spellcasting
 + Level 3.9 Conjurations
 + Level 5.1 Fire Magic


You had 5 spell levels left.
You knew the following spells:

 Your Spells              Type           Power      Damage    Failure   Level
a - Foxfire               Conj/Fire      100%       2x1d9     1%          1
b - Scorch                Fire           56%        2d7       1%          2
c - Conjure Flame         Conj/Fire      25%        6-21      4%          3
d - Flame Wave            Conj/Fire      25%        2d7       16%         4

Your spell library contained the following spells:

 Spells                   Type           Power      Damage    Failure   Level
 Animate Skeleton         Necr           12%        N/A       10%         1
 Apportation              Tloc           12%        N/A       10%         1
 Summon Small Mammal      Summ           24%        N/A       10%         1
 Inner Flame              Hex/Fire       17%        N/A       10%         3


Dungeon Overview and Level Annotations

Branches:
Dungeon (4/15)
 Temple: D:4-7

Altars:
Trog

Annotations:
D:3 Pikel


Message History

Confirm with . or Enter, or press ? or * to list all spells.
The spell is quite dangerous to miscast (16% risk of failure)!
Continue anyway?
Casting: Flame Wave (quite dangerous; 16% risk of failure)
Press: ? - help, Dir - look around, f - activate A wave of flame ripples out!
The flame wave engulfs the lemure!
The lemure is heavily wounded. (Press . to intensify the flame waves.)
You hear a shout!
The lemure barely misses you.
A wave of flame ripples out!
The flame wave engulfs the lemure!
The lemure is almost dead.
The flame wave engulfs Pikel!
Pikel is burned terribly!
Pikel is moderately wounded.
The flame wave engulfs the lemure!!
The lemure is burned terribly!
You kill the lemure!
That felt strangely unrewarding.
Pikel is no longer more vulnerable to fire.
The lemure hits you.
A wave of flame ripples out!
The flame wave engulfs the lemure.
You kill the lemure!
That felt strangely unrewarding.
The flame wave engulfs Pikel.
Pikel is heavily wounded.
You feel a bit more experienced.
You finish channelling waves of flame.
You hear a shout! x2
Pikel misses you.
You climb upwards.
There is a stone staircase leading down here.
Casting: Flame Wave (quite dangerous; 16% risk of failure)
Confirm with . or Enter, or press ? or * to list all spells.
Flames lash Pikel.
Pikel is heavily wounded.
Pikel's fire resistance burns away.
Pikel hits you with a +0 whip of flaming!
* * * LOW HITPOINT WARNING * * *
Pikel burns you.
* * * LOW HITPOINT WARNING * * *
As you read the scroll labelled MIP NUVUGHOE, it crumbles to dust.
Magic quickly surges around you.
It was a scroll of vulnerability.
Pikel hits you with a +0 whip of flaming!
You die...

.....####### .....'.....#
.....#####.## ###### #..#
###########.# ............#
###########.#
......)...#.#####################
.....†....#.....@.......)........
#'##).##..#.####K################
#..######'#.##..[...#
8..#..#...#..#......#
†.##..#...##.#......#
..##..#.†###.#....###
8..#).'..###......#
#..####...###.....# #'##..#.).#
#..#.##


You could see Pikel (weak-willed, combustible).

Vanquished Creatures
  Eustachio (D:4)
  3 lemures
  An orc priest (D:3)
  An orc wizard (D:4)
  3 adders
  4 worms
  2 dart slugs
  5 orcs (D:3)
  5 bats
  7 endoplasms
  3 giant cockroaches
  5 hobgoblins
  5 quokkas
  8 ball pythons
  5 frilled lizards
  7 goblins
  4 kobolds
  8 rats
77 creatures vanquished.

Vanquished Creatures (others)
  104 foxfires
104 creatures vanquished.

Grand Total: 181 creatures vanquished

Notes
Turn   | Place    | Note
-------+----------+-------------------------------------------
     0 | D:1      | testman the Deep Elf Fire Elementalist began the quest for
                  | the Orb.
     0 | D:1      | Reached XP level 1. HP: 10/10 MP: 6/6
   508 | D:1      | Reached XP level 2. HP: 10/15 MP: 6/8
   511 | D:1      | Learned a level 2 spell: Scorch
  1049 | D:1      | Found a faded altar of an unknown god.
  1607 | D:2      | Reached XP level 3. HP: 19/19 MP: 6/10
  1692 | D:2      | Learned a level 3 spell: Conjure Flame
  1702 | D:2      | Found a bloodstained altar of Trog.
  2600 | D:3      | Reached XP level 4. HP: 24/24 MP: 7/12
  2606 | D:3      | Learned a level 4 spell: Flame Wave
  2766 | D:3      | Reached skill level 1 in Fighting
  3172 | D:3      | Reached XP level 5. HP: 27/29 MP: 10/13
  3596 | D:4      | Noticed Eustachio
  3865 | D:4      | Killed Eustachio
  3866 | D:4      | Reached skill level 5 in Spellcasting
  3866 | D:4      | Reached skill level 5 in Fire Magic
  3866 | D:4      | Reached XP level 6. HP: 23/34 MP: 0/16
  4028 | D:4      | Noticed Pikel
  4234 | D:3      | Mangled by Pikel

Illustrated notes

Levels and vault maps discovered:
D:1:      dpeg_arrival_signposts, layout_basic,
          shapermc_ecumenical_altar_hornbeckon
D:2:      layout_loops_ring, basic_altar
D:3:      minmay_chambers_of_twos, layout_basic, minmay_misc_feat_alley
D:4:      layout_loops_ring, uniq_pikel, uniq_eustachio

Skill      XL: |  1  2  3  4  5 |
---------------+----------------+-----
Conjurations   | 2 3 |  3.9
Spellcasting   | 4 5 |  5.4
Fire Magic     | 4 5 |  5.1
Fighting       | 1 |  1.0
Dodging        | |  2.4
Stealth        | |  2.4

Action                   |  1- 3 |  4- 6 || total
-------------------------+-------+-------++-------
Melee: Whip              |     3 |       ||     3
       Unarmed           |     1 |       ||     1
       Dagger            |    24 |    18 ||    42
       Punch             |     1 |       ||     1
 Cast: Foxfire           |    32 |    26 ||    58
       Scorch            |    25 |    29 ||    54
       Flame Wave        |       |     1 ||     1
  Use: Scroll            |       |     1 ||     1
 Stab: Sleeping          |     5 |     7 ||    12
Armor: Robe              |     5 |     3 ||     8
Dodge: Dodged            |    18 |    25 ||    43

Table legend: (Time is in decaauts)
 A = Elapsed time spent in this place.
 B = Non-inter-level travel time spent in this place.
 C = Inter-level travel time spent in this place.
 D = Time resting spent in this place.
 E = Time spent auto-exploring this place.
 F = Levels seen in this place.
 G = Mean time per level.
                   A        B        C        D        E       F      G
               +--------+--------+--------+--------+--------+-----+--------+
         Total |   4244 |   4084 |    160 |   1157 |   2422 |   4 | 1061.0 |
       Dungeon |   4244 |   4084 |    160 |   1157 |   2422 |   4 | 1061.0 |
               +--------+--------+--------+--------+--------+-----+--------+

Top non-repeatable levels by time:
     D:3: 1534 daAuts
     D:1: 1487 daAuts
     D:2: 1106 daAuts
     D:4: 116 daAuts
